 Dungeon Crawl Stone Soup version 0.24-a0-203-gf0bc1e9 (webtiles) character file.

Game seed: 654972521959031503

44 Goblin1989 the Cutter (level 3, 0/24 HPs)
             Began as a Demonspawn Enchanter on Mar 22, 2019.
             Slain by a hobgoblin (2 damage)
             ... led by Robin
             ... on level 2 of the Dungeon on Mar 27, 2019.
             The game lasted 00:02:55 (1647 turns).

Goblin1989 the Cutter (Demonspawn Enchanter)        Turns: 1647, Time: 00:02:56

Health: 0/24       AC:  3    Str: 10    XL:     3   Next: 41%
Magic:  6/6        EV: 12    Int: 16    God:
Gold:   34         SH:  0    Dex: 14    Spells: 5/6 levels left

rFire    . . .     SeeInvis +   a - +1 dagger
rCold    . . .     Gourm    .   (no shield)
rNeg     . . .     Faith    .   b - +0 robe
rPois    .         Spirit   .   (helmet restricted)
rElec    .         Reflect  .   (no cloak)
rCorr    .         Harm     .   (no gloves)
MR       .....                  h - +0 pair of boots
Stlth    ++........             i - amulet of the acrobat
HPRegen  0.08/turn              r - +2 ring of strength
MPRegen  0.10/turn              s - ring of see invisible

@: no status effects
A: horns 1
a: no special abilities


You were on level 2 of the Dungeon.
You were not hungry.

You visited 1 branch of the dungeon, and saw 2 of its levels.

You collected 34 gold pieces.

Inventory:

Hand Weapons
 a - a +1 dagger (weapon)
Missiles
 t - 19 arrows
 u - 8 stones (quivered) {@Q3}
 v - 23 bolts
Armour
 b - a +0 robe (worn)
 h - a +0 pair of boots (worn)
Jewellery
 i - an amulet of the acrobat (around neck)
 r - a +2 ring of strength (left hand)
 s - a ring of see invisible (right hand)
Scrolls
 f - a scroll of enchant armour {unknown}
 l - 2 scrolls of teleportation {unknown}
 m - a scroll of enchant weapon {unknown}
 o - a scroll of immolation {unknown}
 p - a scroll of blinking {unknown}
 x - a scroll of identify {unknown}
Potions
 j - a potion of berserk rage {unknown}
 n - a potion of curing {unknown}
 w - a potion of lignification {unknown}
Comestibles
 e - 3 rations


   Skills:
 + Level 3.1 Short Blades
 - Level 1.7 Dodging
 - Level 2.6 Stealth
 - Level 2.0 Spellcasting
 - Level 3.0 Hexes


You had 5 spell levels left.
You knew the following spells:

 Your Spells              Type           Power        Failure   Level  Hunger
a - Corona                Hex            ##.....      6%          1    #......

Your spell library contained the following spells:

 Spells                   Type           Power        Failure   Level  Hunger
 Ensorcelled Hibernation  Hex/Ice        #.....       17%         2    ###....
 Confuse                  Hex            ##......     19%         3    ###....
 Tukima's Dance           Hex            ##......     19%         3    ###....
 Dazzling Spray           Conj/Hex       #.....       32%         3    ###....


Dungeon Overview and Level Annotations

Branches:
Dungeon (2/15)

Altars:


Innate Abilities, Weirdness & Mutations

You have a pair of small horns on your head.


Message History

The goblin misses you.
You hit the goblin.
You kill the goblin!
You hit the goblin.
You kill the goblin!
Robin roars a battlecry!
You hear a shout! x2
A goblin comes into view. It is wielding a +0 dagger.
Items here: ))) ††† The hobgoblin shouts!
A hobgoblin comes into view.
The hobgoblin shouts!
Robin roars a battlecry!
The hobgoblins go into a battle-frenzy!
The hobgoblin misses you.
You closely miss the hobgoblin. Your headbutt misses the hobgoblin.
The hobgoblin completely misses you.
You hit the hobgoblin.
The hobgoblin is severely wounded.
The hobgoblin hits you but does no damage.
Robin roars a battlecry!
The goblin goes into a battle-frenzy!
You hit the hobgoblin.
You kill the hobgoblin!
MP restored: 6 Robin says, "Feeling lonely?"
A rat comes into view.
The rat completely misses you.
Robin roars a battlecry!
The goblin goes into a battle-frenzy!
You barely miss the rat. The rat bites you.
* * * LOW HITPOINT WARNING * * *
You take 1 damage, and have 4/24 hp.
The goblin no longer looks unusually strong.
The hobgoblin no longer looks unusually strong.
The rat completely misses you. The rat closely misses you.
Robin flexes a bicep menacingly.
Robin roars a battlecry!
The goblins go into a battle-frenzy!
You see here a scroll labeled ROIDOSKALO.
Robin roars a battlecry!
The hobgoblin goes into a battle-frenzy!
You see here a ration.
Items here: ))) ††† You are too injured to fight recklessly!
You are too injured to fight recklessly!
You are too injured to fight recklessly!
You are too injured to fight recklessly!
You are too injured to fight recklessly!
You hit the rat.
You kill the rat!
Robin shouts!
Items here: ))) ††† You hit Robin.
Robin is lightly wounded.
Robin barely misses you.
You hit Robin.
Robin is moderately wounded.
Robin hits you with a +0 falchion.
* * * LOW HITPOINT WARNING * * *
You take 1 damage, and have 7/24 hp.
You hit Robin.
Robin is heavily wounded.
You hit Robin.
Robin is severely wounded.
Robin closely misses you.
You hit Robin but do no damage. Your headbutt misses Robin.
Robin is severely wounded.
Robin roars a battlecry!
You hit Robin but do no damage.
Robin is severely wounded.
Robin barely misses you.
You closely miss Robin.
Robin is severely wounded.
Robin hits you with a +0 falchion.
* * * LOW HITPOINT WARNING * * *
You take 2 damage, and have 5/24 hp.
You closely miss Robin.
Robin is severely wounded.
Robin hits you with a +0 falchion.
* * * LOW HITPOINT WARNING * * *
You take 2 damage, and have 3/24 hp.
You hit Robin.
Robin is almost dead.
You hit Robin but do no damage.
Robin is almost dead.
Robin hits you but does no damage.
You hit Robin. You headbutt Robin.
You kill Robin!
Your Short Blades skill increases to level 3!
You hit the hobgoblin. Your headbutt misses the hobgoblin.
The hobgoblin is moderately wounded.
The hobgoblin hits you.
* * * LOW HITPOINT WARNING * * *
You take 1 damage, and have 2/24 hp.
You hit the hobgoblin but do no damage.
The hobgoblin is moderately wounded.
The hobgoblin hits you.
You die...

███.████..g..█████ .██ ....█
██...██ g. ███.█ ██.██ .█ ██ ██
█.█ █g████████.█ ... .██ █.█
█.g.g......██.█ ████... ███.█
████████.██......█.<..>█
....████████████.█.█.████.█.█....
.█....gg.......g███..█ █.█.█.█
█(█████████████@█.█>██ ..█.█.█ █.
██.█...████.██.█.█ █.
█..........██.█.█ █.
███...████....... ██ ██.██
████.█.█ █.█ █.█.█ █.█ █.█.█
█.████████.█.█ █............█


You could see a hobgoblin.

Vanquished Creatures
  Robin (D:2)
  A dart slug (D:1)
  A bat (D:1)
  2 giant cockroaches
  9 goblins
  5 hobgoblins
  4 kobolds (D:1)
  A ball python (D:1)
  3 frilled lizards (D:1)
  2 rats (D:2)
29 creatures vanquished.

Notes
Turn   | Place    | Note
-------+----------+-------------------------------------------
     0 | D:1      | Goblin1989 the Demonspawn Enchanter began the quest for the
                  | Orb.
     0 | D:1      | Reached XP level 1. HP: 13/13 MP: 3/3
     0 | D:1      | Upgraded the game from 0.24-a0-201-gf205589 to
                  | 0.24-a0-203-gf0bc1e9
    20 | D:1      | Reached skill level 1 in Short Blades
   152 | D:1      | Gained mutation: You have a pair of small horns on your
                  | head. [demonic ancestry]
   152 | D:1      | Reached XP level 2. HP: 4/19 MP: 5/5
  1535 | D:2      | Noticed Robin
  1568 | D:2      | Reached XP level 3. HP: 3/24 MP: 4/6
  1645 | D:2      | Killed Robin
  1647 | D:2      | Slain by a hobgoblin

Levels and vault maps discovered:
D:1:      dpeg_arrival_more_subterranean_lakeside_camping, layout_basic
D:2:      layout_loops_ring, solitary_fountain, uniq_natasha, uniq_robin

Skill      XL: |  1  2  3 |
---------------+----------+-----
Short Blades   | 1 2 3 |  3.1
Dodging        | |  1.7
Stealth        | |  2.6
Spellcasting   | |  2.0
Hexes          | |  3.0

Action                   || total
-------------------------++-------
Melee: Dagger            ||   114
       Headbutt          ||     6
 Cast: Corona            ||     2
 Stab: Sleeping          ||     3
  Eat: Chunk             ||     2
Armor: Robe              ||    12
Dodge: Dodged            ||    61

Table legend:
 A = Non-vault XP
 B = Vault XP
 C = Vault XP percentage of total XP
 D = Non-vault monster count
 E = Vault monster count
 F = Vault count percentage of total count
                 A         B        C        D         E       F
            +---------+---------+-------+---------+---------+-------
      Total |      35 |      29 |  45.3 |      21 |       8 |  27.6
            +---------+---------+-------+---------+---------+-------
        D:1 |      27 |       0 |   0.0 |      16 |       0 |   0.0
        D:2 |       8 |      29 |  78.4 |       5 |       8 |  61.5
            +---------+---------+-------+---------+---------+-------

Levels and vault maps discovered:
D:1:      dpeg_arrival_more_subterranean_lakeside_camping, layout_basic
D:2:      layout_loops_ring, solitary_fountain, uniq_natasha, uniq_robin
